 Dungeon Crawl Stone Soup version 0.31-a0-237-g2d982f9f85 (webtiles) character file.

Game seed: 9453863794550915275

1325 LeprechaunX the Insei (level 8, -3/48 HPs)
             Began as an Octopode Transmuter on July 11, 2023.
             Slain by an orc wizard
             ... wielding a +2 dagger of electrocution
              (5 damage)
             ... on level 4 of the Dungeon.
             The game lasted 00:15:56 (4053 turns).

LeprechaunX the Insei (Octopode Transmuter)         Turns: 4053, Time: 00:15:57

Health: -3/48      AC:  1    Str: 12    XL:     8   Next: 60%
Magic:  13/13      EV: 19    Int: 15    God:
Gold:   234        SH:  0    Dex: 12    Spells: 10/13 levels left

rFire   . .          .
                       - Unarmed
rCold   . . .        (no shield)
rNeg    . . .        (helmet restricted)
rPois   .            (no amulet)
rElec   .            k - +5 ring of evasion
rCorr   .            (no ring)
SInv    .            (no ring)
Will    .....        (no ring)
Stlth   +++          (no ring)
HPRegen 0.28/turn    (no ring)
MPRegen 0.13/turn    (no ring)
                     (no ring)

%: no passive effects
@: no status effects
A: almost no armour, amphibious, 8 rings, camouflage 1, gelatinous body 1,
(nimble swimmer 1), tentacles
a: no special abilities


You were on level 4 of the Dungeon.
You visited 1 branch of the dungeon, and saw 5 of its levels.
You also visited: Sewer.

You collected 234 gold pieces.

Inventory:

Hand Weapons
 b - a +0 sling
Armour
 n - an orb of guile
Jewellery
 k - a +5 ring of evasion (left tentacle)
Wands
 u - a wand of iceblast (6)
Scrolls
 c - 3 scrolls of teleportation {unknown}
 f - 3 scrolls of revelation {unknown}
 h - 5 scrolls of blinking {unknown}
 l - 2 scrolls of noise {unknown}
 o - a scroll of fear {unknown}
 q - 4 scrolls of identify {unknown}
 s - 2 scrolls of vulnerability {unknown}
 t - a scroll of brand weapon {unknown}
 v - a scroll of silence {unknown}
 w - a scroll of torment {unknown}
Potions
 d - 3 potions of degeneration {unknown}
 e - 3 potions of haste {unknown}
 g - a potion of enlightenment {unknown}
 i - a potion of ambrosia {unknown}
 j - a potion of brilliance {unknown}
 m - 2 potions of invisibility {unknown}
 p - a potion of mutation {unknown}
 x - 2 potions of curing {unknown}


   Skills:
 + Level 1.6 Fighting
 + Level 1.2 Throwing
 + Level 3.4 Dodging
 - Level 2.4 Stealth
 * Level 7.9 Unarmed Combat
 + Level 3.4 Spellcasting
 * Level 4.9 Transmutations
 + Level 1.0 Evocations


You had 10 spell levels left.
You knew the following spells:

 Your Spells              Type           Power      Damage    Failure   Level
a - Beastly Appendage     Tmut           34%        N/A       2%          1
b - Wereblood             Tmut           17%        N/A       3%          2

Your spell library contained the following spells:

 Spells                   Type           Power      Damage    Failure   Level
 Apportation              Tloc           4%         N/A       19%         1
 Spider Form              Tmut/Pois      10%        N/A       21%         3
 Inner Flame              Hex/Fire       2%         N/A       50%         3
 Ice Form                 Ice/Tmut       10%        N/A       56%         4
 Alistair's Intoxication  Tmut/Pois      6%         N/A       88%         5
 Yara's Violent Unravell  Hex/Tmut       5%         3d4       88%         5
 Enfeeble                 Hex            1%         N/A       100%        7


Dungeon Overview and Level Annotations

Branches:
Dungeon (5/15)              Sewer (visited)
 Temple: D:4-7

Altars:

Shops:
D:3 [


Innate Abilities, Weirdness & Mutations

You cannot wear most types of armour.
You are amphibious.
You can wear up to eight rings at the same time.
Your skin changes colour to match your surroundings (Stealth+).
Your rubbery body absorbs attacks. (AC +1, EV +1)
((You are camouflaged when in or above water. (Stealth+)))
You have tentacles for arms and can constrict up to eight enemies at once.


Message History

There is a strange disturbance nearby!
Throw: 3 javelins
Press: ? - help, Q - select action, (/) - cycle Shift-Dir - straight line, f - you You throw a javelin.
Your transformation is almost over.
You cannot move.
Throw: 2 javelins
Press: ? - help, Q - select action, (/) - cycle Shift-Dir - straight line You throw a javelin.
Throw: javelin
Press: ? - help, Q - select action, (/) - cycle Shift-Dir - straight line, f - orc priest
Aim: an orc priest, wielding a +0 club (56% to hit)
You throw a javelin.
The javelin pierces through the orc priest!
The orc priest is severely wounded.
Something hits you but does no damage. Something hits you but does no damage.
Something hits you but does no damage. Something hits you but does no damage.
You completely miss something.
You feel less wooden. Something hits you.
You barely miss the orc priest. You grab the orc priest.
The orc priest is severely wounded.
You constrict the orc priest. The orc priest misses you. Something hits you.
You bludgeon the orc priest!
You kill the orc priest!
Something hits you.
* * * LOW HITPOINT WARNING * * *
You tentacle-slap something. Something hits you.
* * * LOW HITPOINT WARNING * * *
Something hits you.
* * * LOW HITPOINT WARNING * * *
Something hits you.
* * * LOW HITPOINT WARNING * * *
Something hits you.
* * * LOW HITPOINT WARNING * * *
You tentacle-slap something but do no damage.
Something hits you.
You die...

..........#.######.##........#
........#.#..................#
.............................#
..........<..................#
.............................#
.............................#
.........))(.................#
..........†####.#.....##.#####
.#.........# #@##.##..#.##
#####.....# #.##.###....#
###......## #.##.# ###..#
..........#####.##.# ##.#
#......#.....##..#.# ###
.......((.....##.#.#
#...............#.#.#
#...............#.#.#
#...........g...#.#.####


There were no monsters in sight!

Vanquished Creatures
  A water moccasin (Sewer)
  An ogre (D:5)
  2 black bears (D:5)
  A phantom (D:5)
  Blork the orc (D:5)
  5 scorpions
  A howler monkey (D:5)
  The ghost of Brisketman the Slasher, a weakling DEWr (D:3)
  2 hounds
  An orc priest (D:4)
  A sleepcap (D:5)
  Jessica (D:2)
  2 iguanas (D:4)
  Ijyb (D:4)
  Terence (D:2)
  3 orc wizards
  4 adders
  An ufetubus (D:4)
  2 dart slugs
  8 orcs
  4 ball pythons
  2 bats (D:1)
  8 endoplasms
  4 giant cockroaches
  6 goblins
  11 hobgoblins
  4 jackals
  4 quokkas
  2 frilled lizards
  4 kobolds
  6 rats
95 creatures vanquished.

Notes
Turn   | Place    | Note
-------+----------+-------------------------------------------
     0 | D:1      | LeprechaunX the Octopode Transmuter began the quest for the
                  | Orb.
     0 | D:1      | Reached XP level 1. HP: 13/13 MP: 3/3
   221 | D:1      | Reached XP level 2. HP: 18/18 MP: 5/5
   620 | D:1      | Reached XP level 3. HP: 23/23 MP: 6/6
   924 | D:2      | Reached skill level 4 in Unarmed Combat
   937 | D:2      | Noticed Terence
   942 | D:2      | Killed Terence
   943 | D:2      | Reached XP level 4. HP: 23/28 MP: 7/7
   945 | D:2      | Reached skill level 1 in Stealth
  1085 | D:2      | Noticed Jessica
  1098 | D:2      | Killed Jessica
  1470 | D:2      | Reached XP level 5. HP: 29/33 MP: 8/8
  1853 | D:3      | Found a glowing drain.
  1870 | Sewer    | Entered a sewer
  1928 | Sewer    | Noticed a water moccasin
  1940 | Sewer    | Killed a water moccasin
  1941 | Sewer    | Reached skill level 5 in Unarmed Combat
  1941 | Sewer    | Reached XP level 6. HP: 26/38 MP: 6/9
  2089 | D:3      | Found Aboschun's Armour Emporium.
  2332 | D:3      | Found a runed translucent gate.
  2334 | D:3      | Found a runed translucent gate.
  2336 | D:3      | Found a runed translucent gate.
  2338 | D:3      | Noticed Brisketman's ghost (weakling DEWr)
  2588 | D:3      | Killed Brisketman's ghost
  2774 | D:4      | Noticed Ijyb
  2784 | D:5      | Entered Level 5 of the Dungeon
  2926 | D:5      | Reached XP level 7. HP: 43/43 MP: 9/11
  2933 | D:5      | Reached skill level 6 in Unarmed Combat
  3099 | D:5      | Noticed Blork the orc
  3106 | D:5      | Killed Blork the orc
  3111 | D:5      | Learned a level 2 spell: Wereblood
  3156 | D:5      | Reached skill level 1 in Throwing
  3178 | D:5      | Reached skill level 7 in Unarmed Combat
  3178 | D:5      | Reached XP level 8. HP: 7/48 MP: 12/12
  3997 | D:4      | Reached skill level 1 in Evocations
  4000 | D:4      | Killed Ijyb
  4052 | D:4      | HP: 2/48 [something (2)]
  4053 | D:4      | Slain by an orc wizard

Illustrated notes

Levels and vault maps discovered:
D:1:      noname_arrival_rooms_in_the_neighbourhood, layout_basic,
          nicolae_eternal_life
D:2:      layout_loops_ring, uniq_jessica, uniq_terence
D:3:      layout_loops_ring, ebering_ghost_rock_garden, portal_sewer_entry_b,
          serial_shops, shop
D:4:      layout_rooms, kennysheep_mini, lemuel_round_altar, uniq_ijyb
D:5:      layout_rooms, roderic_lattice_a, uniq_blork_the_orc

Skill      XL: |  1  2  3  4  5  6  7  8 |
---------------+-------------------------+-----
Unarmed Combat | 4 5 7 |  7.9
Stealth        | 1 2 |  2.4
Transmutations | 3 4 |  4.9
Dodging        | 3 |  3.4
Spellcasting   | 3 |  3.4
Throwing       | 1 |  1.2
Evocations     | 1 |  1.0
Fighting       | |  1.6

Action                     |  1- 3 |  4- 6 |  7- 9 || total
---------------------------+-------+-------+-------++-------
  Melee: Unarmed           |    68 |    98 |    85 ||   251
         Constrict         |    19 |    24 |    15 ||    58
         Tentacles         |    16 |    17 |    21 ||    54
         Kick              |     1 |    23 |    21 ||    45
         Punch             |       |     7 |     3 ||    10
  Throw: Javelin           |       |     3 |    14 ||    17
   Cast: Beastly Appendage |     1 |    19 |    12 ||    32
         Wereblood         |       |       |     2 ||     2
  Evoke: Wand              |       |     1 |     2 ||     3
    Use: Potion            |       |       |     1 ||     1
   Stab: Sleeping          |     4 |     7 |     1 ||    12
         Distracted        |       |       |     1 ||     1
 Armour: Skin              |     7 |     3 |    16 ||    26
  Dodge: Dodged            |    38 |    68 |    54 ||   160

Table legend: (Time is in decaauts)
 A = Elapsed time spent in this place.
 B = Non-inter-level travel time spent in this place.
 C = Inter-level travel time spent in this place.
 D = Time resting spent in this place.
 E = Time spent auto-exploring this place.
 F = Levels seen in this place.
 G = Mean time per level.
                   A        B        C        D        E       F      G
               +--------+--------+--------+--------+--------+-----+--------+
         Total |   4042 |   3969 |     73 |    304 |   2554 |   6 |  673.7 |
       Dungeon |   3898 |   3825 |     73 |    304 |   2484 |   5 |  779.6 |
         Sewer |    143 |    143 |      0 |      0 |     70 |   1 |  143.0 |
               +--------+--------+--------+--------+--------+-----+--------+

Top non-repeatable levels by time:
     D:5: 1142 daAuts
     D:1: 868 daAuts
     D:3: 849 daAuts
     D:2: 740 daAuts
     D:4: 297 daAuts
   Sewer: 143 daAuts
